 Dungeon Crawl Stone Soup version 0.19.1-1-g22dce08 (webtiles) character file.

751 galech the Cudgeler (level 7, -2/68 HPs)
             Began as a Troll Fighter on Jan 5, 2017.
             Was an Initiate of Okawaru.
             Slain by a killer bee (4 damage)
             ... on level 5 of the Dungeon.
             The game lasted 00:09:38 (4428 turns).

galech the Cudgeler (Troll Fighter)                 Turns: 4428, Time: 00:09:38

Health: -2/68      AC:  8    Str: 27    XL:     7   Next: 49%
Magic:  6/6        EV: 11    Int:  4    God:    Okawaru [......]
Gold:   189        SH:  0    Dex:  9    Spells: 0 memorised, 6 levels left

rFire  + . .     SeeInvis .     p - +1 dire flail (protect)
rCold  x . .     Gourm    +     b - +0 robe
rNeg   . . .     Faith    .     (shield currently unavailable)
rPois  .         Spirit   .     (helmet restricted)
rElec  .         Reflect  .     (no cloak)
rCorr  .         Harm     .     (gloves unavailable)
MR     .....                    (boots unavailable)
Stlth  +.........               (no amulet)
                                B - +3 ring of protection
                                D - ring of fire

@: lethally poisoned (-2 -> -23)
A: unfitting armour, claws 3, fast metabolism 3, gourmand, regeneration 1,
shaggy fur 1, tough skin 2
a: Renounce Religion


You were on level 5 of the Dungeon.
You worshipped Okawaru.
Okawaru was noncommittal.
You were not hungry.

You visited 2 branches of the dungeon, and saw 7 of its levels.

You collected 189 gold pieces.

Inventory:

Hand Weapons
 a - a +0 flail
 p - a +1 dire flail of protection (weapon)
Armour
 b - a +0 robe (worn)
 c - a +0 shield
Jewellery
 k - an uncursed ring of flight
 A - an uncursed ring of stealth {unknown}
 B - a +3 ring of protection (right claw)
 D - a ring of fire (left claw)
Wands
 H - a wand of random effects (31/48)
Scrolls
 h - 9 scrolls of identify {unknown}
 l - 3 scrolls of enchant weapon {unknown}
 m - 4 scrolls of blinking {unknown}
 q - 2 scrolls of recharging {unknown}
 r - 3 scrolls of teleportation {unknown}
 x - a scroll of amnesia {unknown}
 y - 2 scrolls of magic mapping {unknown}
 z - a scroll of noise {unknown}
 E - a scroll of fear {unknown}
Potions
 d - a potion of might
 e - a potion of haste {unknown}
 g - a potion of brilliance {unknown}
 i - 4 potions of heal wounds {unknown}
 n - a potion of mutation {unknown}
 o - 2 potions of agility {unknown}
 s - a potion of curing {unknown}
 u - a potion of invisibility {unknown}
 w - a potion of berserk rage {unknown}
 C - a potion of magic {unknown}
 F - a potion of lignification {unknown}
Comestibles
 f - 5 bread rations
 j - 2 meat rations
 t - 7 fruits
 v - 2 beef jerkies
 G - a slice of pizza


   Skills:
 + Level 3.8 Fighting
 + Level 5.1 Maces & Flails
 + Level 4.2 Dodging
 - Level 0.2 Stealth
 - Level 3.5 Shields


You had 6 spell levels left.
You didn't know any spells.

Dungeon Overview and Level Annotations

Branches:
Dungeon (6/15)             Temple (1/1) D:5

Altars:
Dithmenos
Elyvilon
Fedhas
Gozag
Hepliaklqana
Makhleb
Nemelex Xobeh
Okawaru
Qazlal
Ru
Sif Muna
Trog
Uskayaw
Vehumet
The Shining One


Innate Abilities, Weirdness & Mutations

You are too large for most types of armour.
You have claws for hands.
Your metabolism is lightning-fast.
You like to eat raw meat.
Your natural rate of healing is unusually fast.
You are covered in fur. (AC +1)
You have very tough skin. (AC +2)


Message History

You are too injured to fight recklessly!
You are too injured to fight recklessly!
You are too injured to fight recklessly!
You feel sick. The killer bee stings you.
* * * LOW HITPOINT WARNING * * *
You are more poisoned.
The killer bee poisons you! The killer bee stings you.
* * * LOW HITPOINT WARNING * * *
You are lethally poisoned!
The killer bee poisons you!
The crimson imp hits you but does no damage.
The killer bee stings you.
* * * LOW HITPOINT WARNING * * *
You are more poisoned.
The killer bee poisons you!
* * * LOW HITPOINT WARNING * * *
You feel very sick.
The killer bee stings you but does no damage.
The killer bee stings you.
You die...

#.# #..........##.#.....#.### #.#
#..........##.##.##.#.# #.#
#..........##.........###
#.######..........#####.#.......
#......'..........# #.#######.
########..........# #.......#.
#..........# #######.#.
#########'### #.#. #........@.#
#.#. ########.......yy.# #.#.
......##.......>5.############.#.
......##.........(.............#.
......##..........[#.......#####.
......##...........#.#####.# #.
......##########.#.#.# #.# #.
......# #.#.#.#####.#####.
####### #.#.#.....#.#.....


You could see 2 killer bees and a crimson imp.

Vanquished Creatures
  Menkaure (D:4)
  Edmund (D:4)
  An ice beast (D:5)
  Duvessa (D:4)
  A centaur (D:5)
  Dowan (D:4)
  2 hounds (D:4)
  An iguana (D:4)
  A worker ant (D:4)
  An adder (D:2)
  2 oozes
  2 adder skeletons
  A worm (D:3)
  2 dart slugs (D:2)
  A leopard gecko (D:4)
  9 orcs
  3 ball pythons
  3 giant cockroaches
  7 goblins
  7 hobgoblins
  4 jackals (D:2)
  A quokka (D:2)
  6 bats
  8 frilled lizards
  4 kobolds
  A leopard gecko skeleton (D:5)
  6 rats
  A plant (D:2)
79 creatures vanquished.

Vanquished Creatures (others)
  An adder skeleton (D:4)
1 creature vanquished.

Grand Total: 80 creatures vanquished

Notes
Turn   | Place    | Note
-------+----------+-------------------------------------------
     0 | D:1      | galech the Troll Fighter began the quest for the Orb.
     0 | D:1      | Reached XP level 1. HP: 22/22 MP: 0/0
   407 | D:1      | Reached XP level 2. HP: 26/29 MP: 1/1
   996 | D:2      | Reached skill level 2 in Maces & Flails
  1021 | D:2      | Reached XP level 3. HP: 33/36 MP: 2/2
  1500 | D:2      | Found a burning altar of Makhleb.
  1665 | D:2      | Found a sparkling altar of Nemelex Xobeh.
  1789 | D:3      | Reached XP level 4. HP: 27/44 MP: 3/3
  2611 | D:4      | Noticed Menkaure
  2616 | D:4      | Reached skill level 3 in Maces & Flails
  2620 | D:4      | Killed Menkaure
  2620 | D:4      | Reached XP level 5. HP: 8/50 MP: 4/4
  2785 | D:4      | Noticed Edmund
  2869 | D:4      | Killed Edmund
  2869 | D:4      | Reached skill level 4 in Maces & Flails
  2869 | D:4      | Reached XP level 6. HP: 31/59 MP: 5/5
  3085 | D:4      | Noticed Duvessa
  3085 | D:4      | Noticed Dowan
  3104 | D:4      | Killed Duvessa
  3116 | D:4      | Killed Dowan
  3138 | D:4      | Reached XP level 7. HP: 50/67 MP: 6/6
  3171 | D:4      | Found a stormy altar of Qazlal.
  3249 | D:4      | Noticed a hand axe
  3250 | D:4      | Found a hide-covered altar of Uskayaw.
  3251 | D:4      | Noticed a dagger
  3400 | D:5      | Entered Level 5 of the Dungeon
  3405 | D:5      | Found a radiant altar of Vehumet.
  3478 | D:5      | Found a staircase to the Ecumenical Temple.
  3484 | Temple   | Entered the Ecumenical Temple
  3626 | Temple   | Became a worshipper of Warmaster Okawaru
  3982 | D:5      | Found a shadowy altar of Dithmenos.
  4121 | D:5      | Reached skill level 5 in Maces & Flails
  4428 | D:5      | HP: 2/68 [poisoned by a killer bee]
  4428 | D:5      | Slain by a killer bee

Skill      XL: |  1  2  3  4  5  6  7 |
---------------+----------------------+-----
Maces & Flails | 2 3 4 5 |  5.1
Shields        | 3 |  3.5
Dodging        | 3 4 |  4.2
Fighting       | 3 |  3.8
Stealth        | |  0.2

Action                   |  1- 3 |  4- 6 |  7- 9 || total
-------------------------+-------+-------+-------++-------
Melee: Flail             |   155 |    85 |       ||   240
       Dire flail        |       |    35 |    56 ||    91
 Stab: Sleeping          |       |       |     1 ||     1
  Eat: Chunk             |    22 |    13 |     6 ||    41
Armor: Robe              |    42 |    37 |    32 ||   111
Dodge: Dodged            |    62 |    39 |    53 ||   154
Block: Shield            |    73 |    37 |       ||   110
